[Event "Early-Titled-Tuesday-Blitz-July-09-2024"]
[Site "Chess.com"]
[Date "2024.07.09"]
[Round "11"]
[White "Potosino1970"]
[Black "Rakhmanov_Aleksandr"]
[Result "1-0"]
[WhiteElo "2726"]
[BlackElo "2841"]
[TimeControl "180+1"]
[EndTime "10:07:12 PDT"]
[Termination "Potosino1970 won on time"]

1. e4 c5 2. Nc3 Nc6 3. Bb5 Nd4 4.
Bc4 e6 5. Nge2 Nf6 6. O-O a6 7.
a4 Nxe4 8. Nxe4 d5 9. Bd3 dxe4 10. Bxe4 Be7 11. c3 Nxe2+ 12. Qxe2 O-O 13. d4 cxd4 14. Rd1 Bf6 15. cxd4 Qe7 16. Bf4 Rd8 17. Be5 Ra7 18. a5 Bd7 19. Bc7 Bb5 20. Bxd8 Qxd8 21. Qe3 b6 22. d5 Rd7 23. Qxb6 exd5 24. Qxd8+ Rxd8 25. Rxd5 Rb8 26. Rd2 g6 27. g3 h5 28.
h4 Bc4 29. Rc1 Rb4 30. Bd3 Bxd3 31. Rxd3 Bxb2 32. Rc6 Ra4 33. Rxa6 Bd4 34. Kg2 Bc5 35. Ra8+ Kg7 36. a6 Ra2 37. Rf3 f5 38. Rc8 Bd4 39. Rc7+ Kf6 40. Rc6+ Kf7 41. Kf1 Ra1+ 42. Ke2 Ra2+ 43. Kd3 Bxf2 44. Rc2 Ra3+ 45. Ke2 Rxf3 46. Kxf3 1-0

[Event "Early-Titled-Tuesday-Blitz-July-09-2024"]
[Site "Chess.com"]
[Date "2024.07.09"]
[Round "11"]
[White "JJDAREK"]
[Black "FerAsensio2024"]
[Result "0-1"]
[WhiteElo "2354"]
[BlackElo "2510"]
[TimeControl "180+1"]
[EndTime "10:07:12 PDT"]
[Termination "FerAsensio2024 won on time"]

1. Nf3 d5 2. c4 d4 3. b4 g5 4. Bb2 e5 5. Nxe5 Bg7 6. Nd3 Nh6 7. g3 O-O 8. Bg2 c6 9. O-O Bf5 10. f4 Re8 11. Na3 g4 12. c5 Be6 13. e4 dxe3 14. dxe3 Bf5 15. Bxg7 Kxg7 16. Ne5 Qe7 17. Nac4 Rd8 18.
Nd6 Na6 19. a3 f6 20. Nec4 b5 21. cxb6 axb6 22. e4 b5 23. exf5 bxc4 24. Re1 Qxd6 25. Qxd6 Rxd6 26. Re7+ Nf7 27. a4 Nxb4 28. a5 c3 29. a6 Rxa6 30. Rxa6 Nxa6 31. Re2 Nb4 32. Bf1 c2 33. Re1 Rd1 0-1

[Event "Early-Titled-Tuesday-Blitz-July-09-2024"]
[Site "Chess.com"]
[Date "2024.07.09"]
[Round "11"]
[White "Meri-Arabidze"]
[Black "Erdnya15"]
[Result "0-1"]
[WhiteElo "2687"]
[BlackElo "2618"]
[TimeControl "180+1"]
[EndTime "10:07:13 PDT"]
[Termination "Erdnya15 won on time"]

1. d4 d5 2. c4 c6 3. Nf3 Nf6 4. g3 g6 5. Bg2 Bg7 6. O-O dxc4 7. a4 Ne4 8. a5 O-O 9. Nc3 Nd6 10.
e4 Bg4 11. Be3 Qc8 12. Re1 Na6 13. Qe2 Nb4 14. Ra4 Nd3 15. Rea1 e5 16. d5 cxd5 17. Nxd5 Qd8 18. h3 Bxf3 19. Bxf3 f5 20. exf5 gxf5 21. Bg2 e4 22. Nc3 Qe7 23. b3 Bxc3 24.
Rb1 cxb3 25. Rxb3 Bg7 26. Bd4 Nc1 27. Qc2 Nxb3 28. Qxb3+ Qf7 29. Qb2 Bxd4 30. Qxd4 Rad8 31. Qxa7 Qd5 32. Rb4 f4 33. gxf4 Rxf4 34. Rxb7 Qxb7 35. Qe3 Rff8 36. Qg5+ Qg7 37. Qd5+ Kh8 38. Kh2 Nf5 39. Qxe4 Qc7+ 40. Kh1 Rd1+ 41. Bf1 Ng3+ 0-1

[Event "Early-Titled-Tuesday-Blitz-July-09-2024"]
[Site "Chess.com"]
[Date "2024.07.09"]
[Round "11"]
[White "talaicito"]
[Black "tarno17"]
[Result "0-1"]
[WhiteElo "2323"]
[BlackElo "2206"]
[TimeControl "180+1"]
[EndTime "10:07:13 PDT"]
[Termination "tarno17 won on time"]

1. d4 d5 2. Bf4 Nf6 3. Nc3 e6 4. e3 Be7 5. Nf3 O-O 6. Bd3 b6 7. O-O Bb7 8. Ne5 Nbd7 9. Bg3 Ne4 10. Nxe4 dxe4 11. Bb5 Nxe5 12. Bxe5 f6 13. Bg3 f5 14. a4 Bd5 15. Ba6 g5 16. Be5 Bf6 17. c4 Bc6 18. Bxf6 Qxf6 19. a5 Kh8 20. b4 f4 21.
Qg4 Bd7 22. Bb7 Rad8 23. Bxe4 Rf7 24. Qh5 Rdf8 25. Bd3 Be8 26. axb6 cxb6 27. Qg4 Rg7 28. d5 h5 29. Qe2 g4 30. exf4 h4 31. Qxe6 Qxf4 32.
Rae1 Bd7 33. Qe5 Qf7 0-1

[Event "Early-Titled-Tuesday-Blitz-July-09-2024"]
[Site "Chess.com"]
[Date "2024.07.09"]
[Round "11"]
[White "Dino_Ballecer"]
[Black "pinelone"]
[Result "1-0"]
[WhiteElo "2570"]
[BlackElo "2366"]
[TimeControl "180+1"]
[EndTime "10:07:14 PDT"]
[Termination "Dino_Ballecer won on time"]

1. e4 c6 2. d4 d5 3. Nc3 dxe4 4. Nxe4 Nf6 5. Nxf6+ exf6 6. c3 Bd6 7. Bd3 O-O 8.
Qc2 Re8+ 9. Ne2 h5 10. h3 Be6 11. O-O Qd7 12. Bf4 Na6 13. Bxd6 Qxd6 14. Rfe1 Nc7 15.
Ng3 h4 16. Ne4 Qf4 17. Re3 Nd5 18. Rf3 Qh6 19. Nd6 Re7 20. Bf5 Rd8 21. Bxe6 Rxd6 22. Bxd5 Rxd5 23. Qc1 Qg6 24. Qb1 Re2 25. Qxg6 fxg6 26.
Rb1 Kf7 27. Re3 Rc2 28. Kf1 Rd7 29. Re2 Rxe2 30. Kxe2 Ke6 31. Kd3 Kf5 32. Re1 g5 33. Re4 b5 34. f3 a5 35. b3 Ra7 36. c4 bxc4+ 37. Kxc4 a4 38. b4 a3 39. Kc5 Rb7 40.
Re3 Rb5+ 41. Kc4 Kf4 42. Rxa3 Kg3 43. Ra6 Kxg2 44. Rxc6 Rb8 45. d5 Kxh3 46. d6 Kg2 47. d7 Rd8 48. Rd6 h3 49. Kc5 h2 50. Rd2+ Kg3 51. Rd1 Kxf3 52. Kc6 g4 53. b5 g3 54. b6 g2 55. Kc7 1-0

[Event "Early-Titled-Tuesday-Blitz-July-09-2024"]
[Site "Chess.com"]
[Date "2024.07.09"]
[Round "11"]
[White "Cheer_Down"]
[Black "VacheH009"]
[Result "1-0"]
[WhiteElo "2449"]
[BlackElo "2514"]
[TimeControl "180+1"]
[EndTime "10:07:15 PDT"]
[Termination "Cheer_Down won on time"]

1. e4 Nf6 2. e5 Nd5 3. c4 Nb6 4. d4 d6 5. f4 Bf5 6. Nc3 e6 7.
Be3 Be7 8. Nf3 Nc6 9. d5 Nb4 10. Nd4 O-O 11. a3 Na6 12. Nxf5 exf5 13. Bd3 g6 14. b4 c6 15. O-O cxd5 16. exd6 Qxd6 17. c5 Qe6 18. Re1 Nc4 19. Bd4 Qd7 20. Qb3 Rad8 21. Rad1 Rfe8 22. Nxd5 Na5 23. bxa5 Qxd5 24. Bc4 Nxc5 25.
Bxd5 Nxb3 26. Bxb3 Kf8 27. Be5 Bxa3 28. Kf1 Bc5 29. Ba4 Rxd1 30. Rxd1 Ra8 31. Rd7 b6 32. a6 Be7 33. Bb3 f6 34. Bxf6 Bxf6 35. Rf7+ Ke8 36.
Rxf6 Rd8 37. Rf7 Rd3 38. Bc4 Rc3 39. Bd5 Rd3 40. Rxa7 Rxd5 41. Rxh7 1-0

[Event "Early-Titled-Tuesday-Blitz-July-09-2024"]
[Site "Chess.com"]
[Date "2024.07.09"]
[Round "11"]
[White "Slovineanu"]
[Black "Chessdude1987"]
[Result "0-1"]
[WhiteElo "2524"]
[BlackElo "2357"]
[TimeControl "180+1"]
[EndTime "10:07:15 PDT"]
[Termination "Chessdude1987 won on time"]

1. d4 e6 2. c4 f5 3. Nf3 Nf6 4. g3 Be7 5. Bg2 O-O 6. O-O d6 7. b3 Ne4 8. Bb2 Bf6 9. Nc3 Nxc3 10. Bxc3 Qe8 11. Qc2 e5 12. e3 c5 13. dxc5 dxc5 14.
Rfd1 Nc6 15. Rd5 e4 16. Nd2 Nb4 17. Bxb4 Bxa1 18. Bxc5 Rf7 19. Bd4 Bxd4 20. Rxd4 Bd7 21. Bf1 Be6 22. c5 Rd8 23. Rxd8 Qxd8 24. Nc4 Rc7 25.
b4 b6 26. a4 bxc5 27. b5 Bxc4 28. Bxc4+ Kh8 29. Qc3 Qf6 30. Qb3 Qa1+ 31. Kg2 Qf6 32. a5 Rb7 33. h4 h6 34. Bd5 Rb8 35. Qc4 Qd6 36. Bc6 a6 37. Qf7 axb5 38. Bd5 Rf8 39. Qb7 Re8 40. a6 Qb8 41. a7 Qxb7 42. Bxb7 c4 43. Bc6 b4 0-1

[Event "Early-Titled-Tuesday-Blitz-July-09-2024"]
[Site "Chess.com"]
[Date "2024.07.09"]
[Round "11"]
[White "WilsonPalencia21"]
[Black "Sasha_Solovev_777"]
[Result "1-0"]
[WhiteElo "2577"]
[BlackElo "2290"]
[TimeControl "180+1"]
[EndTime "10:07:15 PDT"]
[Termination "WilsonPalencia21 won by resignation"]

1. d4 Nf6 2. c4 g6 3. Nf3 Bg7 4. Nc3 O-O 5. e4 d6 6. Be2 e5 7. O-O h6 8. d5 Na6 9. Qc2 Nc5 10.
b4 Ncd7 11. Rb1 Nh5 12. g3 f5 13. exf5 gxf5 14. Nh4 Qe8 15. Nxf5 Ndf6 16. Nxh6+ Kh8 17. Nf5 Qg6 18. Bd3 e4 19. Nh4 Qg4 20. Nxe4 Qh3 21. f3 Nxe4 22. Ng6+ Kg8 23. Bb2 Nef6 24. Nxf8 Kxf8 25.
Rbe1 Bd7 26. Bg6 Be8 27. Bf5 Bg6 28. Bxg6 Nxg3 29. hxg3 Qxg3+ 30. Qg2 Qf4 31. Bb1 Kf7 32. Qg6+ Kf8 33. Kg2 Qd2+ 34. Kh1 Qxb2 35. Re6 Qd4 36. Rfe1 Qh4+ 37. Kg2 Qh5 38. Rxf6+ Bxf6 39. Qxh5 1-0

[Event "Early-Titled-Tuesday-Blitz-July-09-2024"]
[Site "Chess.com"]
[Date "2024.07.09"]
[Round "11"]
[White "Igor_Janik"]
[Black "Sychev_Klementy"]
[Result "0-1"]
[WhiteElo "2894"]
[BlackElo "2956"]
[TimeControl "180+1"]
[EndTime "10:07:18 PDT"]
[Termination "Sychev_Klementy won by resignation"]

1. e4 e5 2. Nf3 Nc6 3. Bc4 Nf6 4.
Ng5 d5 5. exd5 Na5 6. Bb5+ c6 7. dxc6 bxc6 8. Bd3 Nd5 9. Nf3 Bd6 10. O-O O-O 11. Re1 f5 12. Nxe5 Qc7 13. Nf3 g5 14. Nxg5 Qg7 15. Nf3 Nf4 16. g3 Nxd3 17. cxd3 f4 18. b4 fxg3 19. hxg3 Bxg3 20. bxa5 Bc7+ 21.
Kh1 Qh6+ 22. Kg1 Qg6+ 23. Kh1 Qh5+ 24. Kg1 Qg4+ 25. Kf1 Qh3+ 26. Kg1 Be6 27. Re3 Rf7 28. Bb2 Bd5 29. Qf1 Qg4+ 30. Qg2 Qxg2+ 31. Kxg2 Raf8 32.
Nc3 Bxf3+ 33. Kh3 Rf5 34. Rg1+ Kf7 35. Rxf3 Rxf3+ 36. Kg2 Rg8+ 37. Kxf3 Rxg1 38. Ne4 h5 39. Bd4 a6 40. Bb6 Bb8 41. Bd8 Ke8 42. Bf6 Bc7 43. Nc5 Bxa5 44. Nxa6 Bxd2 45. Nb8 c5 46. Nc6 Rg6 47.
Bh4 Rxc6 0-1

[Event "Early-Titled-Tuesday-Blitz-July-09-2024"]
[Site "Chess.com"]
[Date "2024.07.09"]
[Round "11"]
[White "vladgoncharov"]
[Black "Chessgod9oninsta"]
[Result "1-0"]
[WhiteElo "2678"]
[BlackElo "2769"]
[TimeControl "180+1"]
[EndTime "10:07:18 PDT"]
[Termination "vladgoncharov won by resignation"]

1. d4 d5 2. c4 dxc4 3. f3 f5 4. e3 b5 5. a4 c6 6. axb5 cxb5 7.
b3 Be6 8. bxc4 bxc4 9. Bxc4 Bxc4 10. Qa4+ Qd7 11. Qxc4 Nf6 12. Ne2 Nc6 13. O-O e6 14. Nbc3 Be7 15. Nf4 Nd8 16. Ra6 Rc8 17. Qb3 Bd6 18.
Nce2 Rc6 19. Rxc6 Qxc6 20. Ba3 Qd7 21. Ra1 O-O 22. Bxd6 Qxd6 23. Rxa7 Kh8 24. Ra8 e5 25. dxe5 Qxe5 26. Kf2 g5 27. Nh3 Qxh2 28. Qb4 Kg8 29. Qe7 Ng4+ 30. fxg4 fxg4+ 31. Ke1 Qh1+ 32. Nhg1 Qxg2 33.
Rxd8 Qf2+ 34. Kd2 Rxd8+ 35. Qxd8+ Kf7 36. Qxg5 Qg2 37. Qh5+ Kg7 38. Qg5+ Kf7 39. Kd3 Ke8 40. Qg8+ Ke7 41. Qxh7+ Kd6 42. Qg6+ Kc5 43. Qf5+ Kb4 44. Qe4+ Qxe4+ 45. Kxe4 Kc4 46. Kf4 Kd3 47. Ng3 Kc4 48.
N1e2 Kd3 49. e4 1-0

[Event "Early-Titled-Tuesday-Blitz-July-09-2024"]
[Site "Chess.com"]
[Date "2024.07.09"]
[Round "11"]
[White "Alex_Sahakyan2006"]
[Black "Zq1"]
[Result "1-0"]
[WhiteElo "2735"]
[BlackElo "2586"]
[TimeControl "180+1"]
[EndTime "10:07:18 PDT"]
[Termination "Alex_Sahakyan2006 won by checkmate"]

1. e4 c5 2. d3 d5 3. exd5 Qxd5 4.
Nc3 Qd8 5. Nf3 Nc6 6. h3 g6 7.
Be3 b6 8. g3 Bg7 9. Bg2 Bb7 10.
O-O Nf6 11. a4 O-O 12. Qd2 Re8 13. Rfe1 e5 14. Bg5 Qc8 15. Bh6 Bh8 16. Re3 Nd4 17. Nxe5 Bxg2 18. Kxg2 Qb7+ 19. Nf3 Rxe3 20. Qxe3 Nxc2 21.
Qc1 Nxa1 22. Qxa1 Rd8 23. Qf1 Nd5 24. Ne4 Nb4 25. Qe2 Nxd3 26. Bg5 f6 27. Bxf6 Bxf6 28. Nxf6+ Kg7 29. Ng4 Rd5 30. Qe3 Kf7 31. Nh6+ Kg7 32. Ng4 Kf7 33. Kh2 Qd7 34. Ng5+ Kf8 35. Nf6 Qf5 36.
Qe8+ Kg7 37. Qf7+ Kh6 38. Qxh7+ Kxg5 39. Qh4# 1-0

[Event "Early-Titled-Tuesday-Blitz-July-09-2024"]
[Site "Chess.com"]
[Date "2024.07.09"]
[Round "11"]
[White "jasrom"]
[Black "andy07670"]
[Result "0-1"]
[WhiteElo "2354"]
[BlackElo "2458"]
[TimeControl "180+1"]
[EndTime "10:07:18 PDT"]
[Termination "andy07670 won on time"]

1. e4 c5 2. Nc3 d6 3. f4 e6 4. Nf3 Nf6 5. Bb5+ Bd7 6. Bc4 Be7 7. d3 Nc6 8. O-O O-O 9. e5 Ne8 10. Qe1 d5 11. Bb3 g6 12. Qg3 Ng7 13. Qh3 a6 14. Ne2 b5 15. c3 d4 16. cxd4 Nxd4 17. Nexd4 cxd4 18. Bd2 Bc6 19. Rac1 Rc8 20. g4 Qd7 21. Qg3 Bd5 22. Bxd5 Qxd5 23. b3 Ba3 24. Rxc8 Rxc8 25. Qh4 Rc2 26. Rf2 Bc1 27. Bxc1 Rxc1+ 28. Kg2 h5 29. h3 Qc6 30. Kg3 Rd1 31. Qf6 Rxd3 32. Qd8+ Kh7 33. Qf6 Re3 34. Qxf7 h4+ 0-1

[Event "Early-Titled-Tuesday-Blitz-July-09-2024"]
[Site "Chess.com"]
[Date "2024.07.09"]
[Round "11"]
[White "FloMasterAAK"]
[Black "BogdanDeac"]
[Result "1-0"]
[WhiteElo "2637"]
[BlackElo "2971"]
[TimeControl "180+1"]
[EndTime "10:07:20 PDT"]
[Termination "FloMasterAAK won by resignation"]

1. e4 e6 2. d4 d5 3. Nc3 Nf6 4. Bg5 dxe4 5. Nxe4 Be7 6. Bxf6 gxf6 7. Nf3 b6 8. g3 Bb7 9. Nc3 Nc6 10. d5 Nb4 11.
Bb5+ Kf8 12. O-O Nxd5 13. Qd2 Nxc3 14. Qxc3 Qd5 15. Be2 Qc5 16. Qd2 h5 17. Rad1 Rd8 18.
Qc1 Kg7 19. c3 Rd5 20. Nd4 h4 21. b4 Qd6 22. Bf3 Qe5 23. Rfe1 Qd6 24. Bxd5 Qxd5 25. f3 Qc4 26. Qf4 Bd5 27. Nf5+ Kf8 28. Qxc4 Bxc4 29. Rd7 exf5 30. Rexe7 hxg3 31. hxg3 Kg7 32. Rxc7 Bxa2 33. c4 a5 34. Rxf7+ Kg6 35. Rg7+ Kh6 36. Rgf7 Kg6 37. bxa5 bxa5 38. Rg7+ Kh6 39. Rgd7 a4 40. Rd2 1-0

[Event "Early-Titled-Tuesday-Blitz-July-09-2024"]
[Site "Chess.com"]
[Date "2024.07.09"]
[Round "11"]
[White "TioCridineno"]
[Black "Ginger_GM"]
[Result "1-0"]
[WhiteElo "2459"]
[BlackElo "2596"]
[TimeControl "180+1"]
[EndTime "10:07:20 PDT"]
[Termination "TioCridineno won by resignation"]

1. e4 c5 2. Nf3 d6 3. d4 cxd4 4. Nxd4 Nf6 5. Nc3 g6 6. g3 Nc6 7.
Nde2 Bg7 8. Bg2 Bd7 9. O-O Qc8 10. a4 Bh3 11. Nd5 h5 12. Nef4 Bxg2 13. Nxg2 Ne5 14. Qe2 Nxd5 15. exd5 h4 16. Nxh4 Qh3 17. f4 Ng4 18. Qg2 Rxh4 19. gxh4 Qxh4 20. c3 O-O-O 21. h3 Nf6 22. Be3 Rh8 23. Rf3 Nxd5 24. Bd2 e6 25. a5 Ne7 26. a6 b6 27. Rd3 d5 28. c4 Qh5 29. Rc1 Kb8 30. c5 b5 31. b4 Nc6 32.
Re1 Qf5 33. Qf1 Ka8 34. Rg3 Nd4 35. Be3 Rh4 36. Bxd4 Bxd4+ 37. Kg2 Rxf4 38. Qxb5 Rf2+ 39. Kh1 Rh2+ 40. Kxh2 Qf2+ 41. Rg2 Qf4+ 42. Kh1 Qc7 43. Rf1 1-0

[Event "Early-Titled-Tuesday-Blitz-July-09-2024"]
[Site "Chess.com"]
[Date "2024.07.09"]
[Round "11"]
[White "RandomNoob04"]
[Black "manitodeplomo"]
[Result "1-0"]
[WhiteElo "2758"]
[BlackElo "2591"]
[TimeControl "180+1"]
[EndTime "10:07:21 PDT"]
[Termination "RandomNoob04 won on time"]

1. e4 c5 2. d4 cxd4 3. c3 dxc3 4. Nxc3 Nc6 5. Nf3 e6 6. Bc4 a6 7. O-O b5 8. Bb3 Na5 9. Re1 Nxb3 10. Qxb3 Ne7 11.
Bg5 f6 12. Be3 Nc6 13. a4 Na5 14. Qc2 b4 15. Nd5 exd5 16. exd5 Kf7 17. d6 Bb7 18. Qf5 g6 19. Qf4 Bxf3 20. Qxf3 Nc6 21. Rac1 Kg7 22. h4 Bxd6 23. h5 Re8 24. Red1 Re6 25. Qh3 g5 26.
Rxc6 dxc6 27. Qxe6 Bh2+ 28. Kxh2 Qxd1 29. Qe7+ Kg8 30.
h6 Qh5+ 31. Kg1 Qxh6 32. Qe6+ Kh8 33. Bd4 Rf8 34. Qxc6 Qg6 35. Qxa6 h5 36. Qd6 Rf7 37. a5 Kh7 38. a6 Qf5 39. a7 Qe4 40. Qd8 h4 41.
a8=Q Qxa8 42. Qxa8 1-0

[Event "Early-Titled-Tuesday-Blitz-July-09-2024"]
[Site "Chess.com"]
[Date "2024.07.09"]
[Round "11"]
[White "HansOnTwitch"]
[Black "MagnusCarlsen"]
[Result "0-1"]
[WhiteElo "3140"]
[BlackElo "3201"]
[TimeControl "180+1"]
[EndTime "10:07:22 PDT"]
[Termination "MagnusCarlsen won by checkmate"]

1. e4 e5 2. Nf3 Nc6 3. Bc4 Nf6 4.
d3 h6 5. c3 d6 6. a4 Be7 7. a5 O-O 8. a6 b6 9. O-O Be6 10.
Bxe6 fxe6 11. Nbd2 Qd7 12. Re1 Rad8 13. Nf1 Rf7 14.
h3 Rdf8 15. Ng3 Qc8 16. Be3 Nd7 17.
d4 exd4 18. cxd4 Ndb8 19. Qe2 Nb4 20. Rec1 c5 21. e5 d5 22. dxc5 bxc5 23. Nd4 Qd7 24.
Nc2 d4 25. Rd1 Nd5 26. Bd2 Rxf2 27. Qg4 Kh8 28. Nh5 Bd8 29. b4 Nc6 30. bxc5 Nxe5 31. Qxd4 Bc7 32. Qe4 Qf7 33. Ng3 Nf3+ 34. gxf3 Rxf3 35.
Ne2 Qh5 36. Qg4 Qe5 37. Nf4 Nxf4 38. Qxf3 Ne2+ 39. Kg2 Qh2+ 40. Kf1 Rxf3+ 41. Ke1 Qf2# 0-1

[Event "Early-Titled-Tuesday-Blitz-July-09-2024"]
[Site "Chess.com"]
[Date "2024.07.09"]
[Round "11"]
[White "HelenaWalker2912"]
[Black "tusplingher"]
[Result "1/2-1/2"]
[WhiteElo "2510"]
[BlackElo "2678"]
[TimeControl "180+1"]
[EndTime "10:07:22 PDT"]
[Termination "Game drawn - insufficient material"]

1. d4 Nf6 2. c4 c5 3. d5 b5 4. cxb5 a6 5. bxa6 g6 6. Nc3 Bg7 7. Nf3 O-O 8. g3 d6 9. Bg2 Nxa6 10. O-O Nd7 11. Bf4 Rb8 12. Qd2 Nb6 13. b3 Bxc3 14. Qxc3 Nxd5 15. Qd2 Nxf4 16. Qxf4 e5 17. Qd2 Nb4 18.
Rfd1 Rb6 19. Ng5 Bf5 20. a3 Nc2 21. Ra2 Nd4 22. b4 cxb4 23. axb4 Qe7 24. Rb2 Rfb8 25. e3 Qxg5 26. exd4 Qxd2 27. Rbxd2 Rxb4 28. dxe5 dxe5 29. Rd8+ Kg7 30. Rxb8 Rxb8 31. h4 Rb2 32. Rd6 Be6 33. Bf3 Kf6 34. Ra6 Kg7 35. h5 Rb3 36. Kg2 g5 37. h6+ Kxh6 38. Bd5 Rb5 39. Bxe6 fxe6 40.
Rxe6+ Kg7 41. Kf3 Kf7 42. Rh6 Kg7 43. Re6 h5 44. Ke4 Rb2 45. Rxe5 Kg6 46. Kf3 h4 47. gxh4 gxh4 48. Kg4 Rxf2 49. Kxh4 Rf4+ 50. Kg3 Rf5 51. Rxf5 Kxf5 1/2-1/2

[Event "Early-Titled-Tuesday-Blitz-July-09-2024"]
[Site "Chess.com"]
[Date "2024.07.09"]
[Round "11"]
[White "SahibSinghKnight"]
[Black "ShahMatKanal"]
[Result "0-1"]
[WhiteElo "2657"]
[BlackElo "2577"]
[TimeControl "180+1"]
[EndTime "10:07:23 PDT"]
[Termination "ShahMatKanal won by resignation"]

1. e4 c6 2. d4 d5 3. e5 Bf5 4. h4 h5 5. Bd3 Bxd3 6. Qxd3 e6 7.
Nd2 Qa5 8. Nf3 c5 9. c4 dxc4 10. Qxc4 Nc6 11. O-O cxd4 12. Nb3 Qb4 13. Qxb4 Bxb4 14.
a3 Be7 15. Nbxd4 Nxd4 16. Nxd4 a6 17. g3 Bc5 18. Be3 Bxd4 19. Bxd4 Ne7 20. Bc5 Nd5 21. f4 g6 22. Rac1 Kd7 23. Rfd1 Rhc8 24. Kf2 Rc6 25. Bd4 Rac8 26. Rxc6 Rxc6 27. Ke2 Rc2+ 28. Rd2 Rxd2+ 29. Kxd2 Kc6 30. Kd3 Ne7 31. Ke4 Nf5 32. Bf2 Kb5 33. b3 a5 34. Be1 a4 35. bxa4+ Kxa4 36. Kf3 Kxa3 37. g4 Nd4+ 38. Ke4 Nc2 39. gxh5 gxh5 40. Bd2 b5 41. f5 b4 42. fxe6 fxe6 43. Kf4 Nd4 44. Be3 Nf5 45. Bc1+ Kb3 46. Kg5 Kc2 47. Bf4 b3 48. Kxh5 b2 49. Kg5 b1=Q 50. h5 Qg1+ 51. Kf6 Nd4 52. h6 Qg8 53. Bg5 Kd3 54. Bh4 Ke4 55. Be1 Kd5 56. Bd2 Nf5 57. Bg5 Qh7 0-1

[Event "Early-Titled-Tuesday-Blitz-July-09-2024"]
[Site "Chess.com"]
[Date "2024.07.09"]
[Round "11"]
[White "Chesstiger64"]
[Black "Aragon"]
[Result "1-0"]
[WhiteElo "2385"]
[BlackElo "2188"]
[TimeControl "180+1"]
[EndTime "10:07:23 PDT"]
[Termination "Chesstiger64 won by resignation"]

1. d4 d5 2. Nf3 e6 3. e3 Nf6 4.
Bd3 c5 5. c3 cxd4 6. exd4 Nbd7 7.
Bf4 Qb6 8. Qb3 Ne4 9. O-O Bd6 10.
Bxd6 Nxd6 11. Nbd2 O-O 12. Qc2 g6 13. h4 Nf6 14. Rfe1 Bd7 15. Ne5 Bb5 16. h5 Bxd3 17.
Qxd3 Kg7 18. Rab1 Qc7 19. g4 gxh5 20. g5 Nfe4 21. Nxe4 Nxe4 22. Rxe4 dxe4 23. Qxe4 f5 24.
Qh4 Kh8 25. Qxh5 Rae8 26. Ng6+ Kg8 27. Nxf8 Rxf8 28. Re1 Qf7 29. Qxf7+ Kxf7 30. f4 Rc8 31. Kf2 b5 32. a3 a5 33. Ke3 b4 34. axb4 axb4 35. Kd3 bxc3 36. bxc3 Rb8 37. Rh1 Kg7 38. Rh6 Rb6 39. Kc4 Rc6+ 40. Kb4 Rb6+ 41. Kc4 Ra6 42. Kd3 Rd6 43. c4 Ra6 44. d5 Ra3+ 45. Kd4 exd5 46.
cxd5 Rf3 47. Ke5 Rd3 48. Ra6 Rd1 49. Ra7+ Kg6 50. Ra6+ Kg7 51. d6 Kg6 52. d7+ Kf7 53.
Rd6 Re1+ 54. Kxf5 1-0

[Event "Early-Titled-Tuesday-Blitz-July-09-2024"]
[Site "Chess.com"]
[Date "2024.07.09"]
[Round "11"]
[White "GMMikhailKazakov"]
[Black "Yan_Dyomin2010"]
[Result "0-1"]
[WhiteElo "2505"]
[BlackElo "2727"]
[TimeControl "180+1"]
[EndTime "10:07:26 PDT"]
[Termination "Yan_Dyomin2010 won on time"]

1. d4 Nf6 2. c4 g6 3. Nc3 d5 4. cxd5 Nxd5 5. e4 Nxc3 6. bxc3 Bg7 7. Ba3 O-O 8. Qb3 b6 9. Rd1 c5 10. Nf3 cxd4 11. cxd4 Nc6 12. d5 Na5 13. Qb4 Bg4 14. Be2 Rc8 15. O-O Re8 16. h3 Bxf3 17. Bxf3 Rc4 18.
Qb1 Ra4 19. Bb4 Qd7 20. Be2 Rd8 21. d6 e6 22. Rc1 Nc6 23. Bc3 Bxc3 24. Rxc3 Nd4 25.
Bd1 Ra5 26. f4 Qxd6 27. e5 Qe7 28. Qb2 Rad5 29. Bf3 Nxf3+ 30. Rcxf3 Rd2 31. Qb3 Qc5+ 32. Kh2 Re2 33. Rd3 Rc8 34. Rfd1 Qf2 35. Rd8+ Rxd8 36. Rxd8+ Kg7 37. Qg3 Qxg3+ 38. Kxg3 Rxa2 39. Rd7 a5 40. Rb7 Rb2 41. Ra7 Rb3+ 42. Kf2 Rb4 43. Kf3 a4 44. g4 b5 45. f5 gxf5 46. gxf5 Kh6 47. Rxf7 exf5 48. Rxf5 a3 0-1

[Event "Early-Titled-Tuesday-Blitz-July-09-2024"]
[Site "Chess.com"]
[Date "2024.07.09"]
[Round "11"]
[White "LikeWater"]
[Black "Chaubunagungamaug1"]
[Result "1-0"]
[WhiteElo "2681"]
[BlackElo "2496"]
[TimeControl "180+1"]
[EndTime "10:07:26 PDT"]
[Termination "LikeWater won by checkmate"]

1. Nf3 d5 2. d3 c5 3. g3 Nc6 4. Bg2 Nf6 5. O-O Bg4 6. Nc3 e6 7. h3 Bh5 8. g4 Bg6 9. Nh4 Be7 10. f4 d4 11. Nxg6 hxg6 12. Ne4 Nd5 13. Bd2 O-O 14. c4 Ne3 15. Bxe3 dxe3 16. Qc1 Qd4 17. Nc3 Bf6 18.
g5 Be7 19. Nb5 Qd7 20. Qxe3 a6 21. Nc3 Bd6 22. Ne4 Nd4 23. Rac1 Be7 24. h4 f5 25. gxf6 gxf6 26. Qf2 Rac8 27. e3 Nf5 28. Rcd1 Kf7 29. d4 cxd4 30. exd4 Rxc4 31. d5 exd5 32. Rxd5 Qc6 33.
h5 gxh5 34. Rxf5 Qa4 35. b3 Qd7 36. Ng3 Rd4 37. Qf3 Rd3 38. Qxh5+ Ke6 39. Re1+ Kd6 40. Rd5+ Rxd5 41. Qxd5+ Kc7 42. Qxb7+ Kd8 43. Qa8+ Qc8 44.
Rd1+ Kc7 45. Qa7+ Qb7 46. Qxb7# 1-0

[Event "Early-Titled-Tuesday-Blitz-July-09-2024"]
[Site "Chess.com"]
[Date "2024.07.09"]
[Round "11"]
[White "Ganziitoo"]
[Black "Gnechko_Ruslan"]
[Result "0-1"]
[WhiteElo "2338"]
[BlackElo "2525"]
[TimeControl "180+1"]
[EndTime "10:07:27 PDT"]
[Termination "Gnechko_Ruslan won by resignation"]

1. e4 c5 2. Nf3 g6 3. c4 Bg7 4. d4 cxd4 5. Nxd4 Nc6 6. Be3 Nf6 7. Nc3 O-O 8. Be2 d6 9. O-O Bd7 10. h3 Nxd4 11. Bxd4 Bc6 12. Qc2 a5 13. Rab1 Nd7 14.
Be3 Nc5 15. f3 e6 16. Rfd1 Qe7 17.
Bf2 Rad8 18. Bf1 h5 19. b3 Qg5 20. a3 Na6 21. b4 axb4 22. axb4 Nb8 23. b5 Be8 24. Na4 f5 25. exf5 Rxf5 26. Qd2 Qe7 27. Bb6 Rd7 28. Ba7 Rd8 29. c5 d5 30. Bb6 Rc8 31. Bd3 Rf8 32. Re1 Qh4 33. Rb4 Qg3 34. Qf2 Qxf2+ 35. Kxf2 e5 36. Bb1 Nd7 37. Rc1 e4 38.
Ke2 exf3+ 39. gxf3 Ne5 40. f4 Nc4 41. Rf1 Bd7 42.
Bd3 Rce8+ 43. Kd1 Ne3+ 44. Kd2 Nxf1+ 45. Bxf1 g5 46. Nc3 Bxc3+ 47. Kxc3 Rxf4 48. Rxf4 gxf4 49. Kd3 Re3+ 50. Kd4 Re1 51. Bd3 f3 52. Kxd5 f2 53. Kc4 Bxh3 54. c6 bxc6 55. bxc6 Rc1+ 56. Kd5 Bg2+ 57.
Ke5 f1=Q 58. Bf2 0-1

[Event "Early-Titled-Tuesday-Blitz-July-09-2024"]
[Site "Chess.com"]
[Date "2024.07.09"]
[Round "11"]
[White "mwpchess"]
[Black "vladjianu"]
[Result "0-1"]
[WhiteElo "2748"]
[BlackElo "2633"]
[TimeControl "180+1"]
[EndTime "10:07:28 PDT"]
[Termination "vladjianu won by checkmate"]

1. e4 c6 2. Nc3 d5 3. Nf3 Bg4 4. h3 Bxf3 5. Qxf3 e6 6. Be2 Bc5 7.
O-O Nd7 8. exd5 exd5 9. Re1 Ne7 10. Bf1 O-O 11. Ne2 Ne5 12. Qc3 Qb6 13. Qg3 N5g6 14. d4 Bxd4 15. Nxd4 Qxd4 16. c3 Qb6 17. Bd3 Rae8 18. Kf1 Nc8 19. Rxe8 Rxe8 20. Rb1 Qd8 21.
Be3 a6 22. b4 Qd6 23. Qxd6 Nxd6 24. a4 Ne5 25. Be2 Nec4 26. Bf4 Ne4 27. Bxc4 dxc4 28. Re1 Re6 29. Re3 f6 30. Ke1 Kf7 31. Bc7 Nxc3 32.
Rxe6 Kxe6 33. Kd2 Nd5 34. Bg3 b5 35. axb5 cxb5 36. f3 Nxb4 37. Kc3 Nc6 38. Be1 Kd5 39.
Bf2 b4+ 40. Kc2 a5 41. Kb2 a4 42. Bb6 c3+ 43. Kc2 Kc4 44. Kc1 Nd4 45. Bd8 b3 46.
Be7 Kd3 47. Ba3 Ne2+ 48. Kd1 f5 49. g4 f4 50. g5 b2 51. Ke1 b1=Q+ 52. Kf2 Qg1# 0-1